 Dungeon Crawl Stone Soup version 0.25-a0-990-g0adbbaad2a (webtiles) character file.

Game seed: 9600345250873997061, levelgen mode: deterministic

2671 Morbidden the Cleaver (level 9, 8/81 HPs)
             Began as a Deep Dwarf Fighter on May 10, 2020.
             Was a Believer of Makhleb.
             Quit the game on level 6 of the Dungeon.
             The game lasted 00:19:44 (4655 turns).

Morbidden the Cleaver (Deep Dwarf Fighter)          Turns: 4655, Time: 00:19:45

Health: 8/81       AC: 12    Str: 24    XL:     9   Next: 37%
Magic:  12/12      EV:  5    Int:  8    God:    Makhleb [**....]
Gold:   340        SH: 11    Dex: 12    Spells: 8/8 levels left

rFire    . . .     SeeInvis .   a - +0 war axe
rCold    . . .     Gourm    .   c - +1 kite shield
rNeg     . . .     Faith    .   r - +0 plate armour
rPois    .         Spirit   .   (no helmet)
rElec    .         Reflect  .   (no cloak)
rCorr    .         Harm     .   (no gloves)
MR       +....                  (no boots)
Stlth    ..........             (no amulet)
HPRegen  0.00/turn              u - ring of wizardry
MPRegen  0.13/turn              (no ring)

@: non-regenerating, hasted, very quick
A: damage resistance, heal wounds, sense surroundings 2, no regeneration
a: Heal Wounds, Minor Destruction, Renounce Religion


You were on level 6 of the Dungeon.
You worshipped Makhleb.
Makhleb was pleased with you.
You were not hungry.

You visited 1 branch of the dungeon, and saw 6 of its levels.
You also visited: Sewer.

You collected 340 gold pieces.

Inventory:

Hand Weapons
 a - a +0 war axe (weapon)
Missiles
 d - 2 throwing nets
 g - 66 arrows
 m - 6 poisoned darts (quivered)
 n - 19 boomerangs
Armour
 c - a +1 kite shield (worn)
 r - a +0 plate armour (worn)
Jewellery
 u - a ring of wizardry (left hand)
Wands
 l - a wand of iceblast (6)
Scrolls
 b - a scroll of enchant armour
 i - 4 scrolls of teleportation
 k - 2 scrolls of remove curse
 s - 2 scrolls of fear
 v - 2 scrolls of identify
Potions
 e - a potion of cancellation
 h - a potion of curing
 p - a potion of flight {unknown}
 z - a potion of stabbing {unknown}
Comestibles
 f - 5 rations
 j - 13 chunks of flesh


   Skills:
 * Level 5.4 Fighting
 * Level 9.3 Axes
 + Level 3.4 Throwing
 + Level 5.4 Armour
 + Level 1.7 Dodging
 + Level 0.2 Stealth
 + Level 6.1 Shields
 * Level 4.4 Invocations
 + Level 0.3 Evocations


You had 8 spell levels left.
You didn't know any spells.
Your spell library was empty.

Dungeon Overview and Level Annotations

Branches:
Dungeon (6/15)              Sewer (visited)
 Temple: D:4-7

Altars:
Cheibriados
Hepliaklqana
Makhleb
Qazlal
Sif Muna
Wu Jian
Xom

Shops:
D:5 :

Annotations:
D:4 2 runed translucent doors, Chiseanne's ghost, novice DsWn


Innate Abilities, Weirdness & Mutations

You are resistant to damage.
You can heal yourself by infusing magical energy.
You passively map the area around you.
You do not regenerate.


Message History

There is an open door here.
Found a wand of iceblast (6).
The walls and floor vibrate strangely for a moment.
l - a wand of iceblast (6)
You open the door.
There is an open door here.
There is a collapsed entrance here.
You can't go up here!
Unknown command.
You can't go down here!
You can't go up here!
You can't go up here!
You can't go up here!
Quiver which item? (- for none, * to show all) (? for menu, Esc to quit)
Okay, then.
Quiver which item? (- for none, * to show all) (? for menu, Esc to quit)
Okay, then.
Are you sure you want to abandon this character and quit the game? (Confirm with "yes".)
Okay, then.
Are you sure you want to abandon this character and quit the game? (Confirm with "yes".)

### **######### #..
**,........# #..
*,,........# #..
*,,,###....#######..
*,,,#.#..........'..
*,###.###.########..
**,#@....'.# #..
*,,###.###.# ###
*,,,,#.#,..#
*,,,,###,..#
*,,,,,,,...# **
*,*****,#### *, *,*
*,* ******** *, *,*
*,***,,,,,,* *,
*,*****,,,,,,,,,,***,


There were no monsters in sight!

Vanquished Creatures
  Pikel (D:5)
  Sigmund (D:6)
  A necrophage (D:5)
  An ice beast (D:5)
  3 orc warriors
  2 slaves (D:5)
  2 ogres
  3 centaurs
  3 big kobolds (Sewer)
  A crimson imp (D:5)
  A bullfrog zombie (D:5)
  A hound (D:5)
  6 orc priests
  A gnoll shaman (D:6)
  A jelly (D:5)
  2 iguanas (D:5)
  4 orc wizards
  6 worker ants
  A hound skeleton (D:5)
  15 adders
  5 gnolls (D:6)
  2 river rats
  A shadow imp (D:6)
  2 oozes
  An adder zombie (D:5)
  4 worms
  A dart slug (D:2)
  20 orcs
  6 bats
  7 giant cockroaches
  6 goblins
  10 hobgoblins
  9 jackals
  7 kobolds
  5 ball pythons
  2 frilled lizards
  A giant cockroach zombie (D:5)
  A leopard gecko skeleton (D:4)
  8 rats
154 creatures vanquished.

Vanquished Creatures (others)
  An orc (D:5)
1 creature vanquished.

Grand Total: 155 creatures vanquished

Notes
Turn   | Place    | Note
-------+----------+-------------------------------------------
     0 | D:1      | Morbidden the Deep Dwarf Fighter began the quest for the
                  | Orb.
     0 | D:1      | Reached XP level 1. HP: 20/20 MP: 1/1
    97 | D:1      | Reached XP level 2. HP: 26/28 MP: 2/2
   342 | D:1      | Reached XP level 3. HP: 29/34 MP: 3/3
   486 | D:2      | Reached skill level 3 in Axes
   790 | D:2      | Reached XP level 4. HP: 17/42 MP: 4/4
  1281 | D:3      | Reached skill level 1 in Dodging
  1473 | D:3      | Found an ornate altar of the Wu Jian Council.
  1473 | D:3      | Found a stormy altar of Qazlal.
  1474 | D:3      | Found a shimmering altar of Xom.
  1474 | D:3      | Found a snail-covered altar of Cheibriados.
  1477 | D:3      | Found a burning altar of Makhleb.
  1477 | D:3      | Found a shimmering blue altar of Sif Muna.
  1479 | D:3      | Found a hazy altar of Hepliaklqana.
  1503 | D:3      | Became a worshipper of Makhleb the Destroyer
  1521 | D:3      | Reached skill level 1 in Throwing
  1789 | D:4      | Reached XP level 5. HP: 14/49 MP: 5/5
  2008 | D:4      | Found a glowing drain.
  2012 | D:4      | Reached skill level 4 in Axes
  2014 | Sewer    | Entered a sewer
  2125 | Sewer    | Reached XP level 6. HP: 11/56 MP: 6/6
  2404 | Sewer    | Reached skill level 5 in Axes
  2480 | D:4      | Reached * piety under Makhleb
  2581 | D:4      | Reached XP level 7. HP: 39/63 MP: 7/7
  2697 | D:5      | Entered Level 5 of the Dungeon
  3016 | D:5      | Reached skill level 6 in Axes
  3287 | D:5      | Reached ** piety under Makhleb
  3287 | D:5      | Reached XP level 8. HP: 41/73 MP: 8/8
  3299 | D:5      | Found Ore Kipp's Book Boutique.
  3325 | D:5      | Reached skill level 7 in Axes
  3502 | D:5      | Reached skill level 1 in Invocations
  3503 | D:5      | HP: 3/73 [orc warrior/+0 dire flail (12)]
  3508 | D:5      | Reached skill level 5 in Shields
  3538 | D:5      | Noticed Pikel
  3579 | D:5      | Killed Pikel
  3579 | D:5      | Reached skill level 5 in Fighting
  3579 | D:5      | Reached skill level 8 in Axes
  3935 | D:6      | Noticed Sigmund
  3938 | D:6      | Killed Sigmund
  3938 | D:6      | Reached skill level 5 in Armour
  3946 | D:6      | Gained mutation: You passively map the area around you.
                  | [Deep Dwarf growth]
  3946 | D:6      | Reached XP level 9. HP: 9/81 MP: 11/11
  4373 | D:4      | Found a large runed translucent door.
  4374 | D:4      | Found a large runed translucent door.
  4374 | D:4      | Noticed Chiseanne's ghost (novice DsWn)
  4528 | D:6      | Reached skill level 9 in Axes
  4655 | D:6      | Quit the game

Illustrated notes

Levels and vault maps discovered:
D:1:      onia_arrival_mini_spirals, layout_rooms
D:2:      layout_basic, minmay_misc_feat_room
D:3:      layout_rooms, grunt_temple_overflow_open
D:4:      layout_layer_cave, portal_sewer_entry_e, ebering_ghost_disaster_area
D:5:      layout_basic, serial_shops, shop, first_ration, lemuel_flame_loot_1,
          uniq_pikel
D:6:      layout_basic, gammafunk_ghost_smash, nicolae_ossuary_entry_plus,
          uniq_sigmund, uniq_eustachio, uniq_crazy_yiuf_cottage

Skill      XL: |  1  2  3  4  5  6  7  8  9 |
---------------+----------------------------+-----
Fighting       | 3 4 5 |  5.4
Axes           | 3 4 5 6 8 9 |  9.3
Dodging        | 1 |  1.7
Throwing       | 1 2 3 |  3.4
Armour         | 4 5 |  5.4
Shields        | 4 5 6 |  6.1
Invocations    | 3 4 |  4.4
Stealth        | |  0.2
Evocations     | |  0.3

Action                   |  1- 3 |  4- 6 |  7- 9 || total
-------------------------+-------+-------+-------++-------
Melee: War axe           |   103 |   191 |   229 ||   523
Throw: Dart              |    38 |    89 |    24 ||   151
       Boomerang         |     1 |     7 |     4 ||    12
Invok: Minor Destruction |       |       |    19 ||    19
 Abil: Heal Wounds       |       |     3 |     3 ||     6
Evoke: Wand              |       |       |     9 ||     9
  Use: Scroll            |       |     7 |     6 ||    13
       Potion            |       |     3 |     5 ||     8
  Eat: Chunk             |       |     6 |     4 ||    10
       Ration            |       |       |     1 ||     1
Armor: Scale mail        |    19 |       |       ||    19
       Ring mail         |    43 |    15 |       ||    58
       Plate armour      |       |   121 |    99 ||   220
       Skin              |       |       |    20 ||    20
Dodge: Dodged            |    47 |    48 |    51 ||   146
Block: Kite shield       |    71 |   113 |   146 ||   330

Table legend:
 A = Non-vault XP
 B = Vault XP
 C = Vault XP percentage of total XP
 D = Non-vault monster count
 E = Vault monster count
 F = Vault count percentage of total count
                 A         B        C        D         E       F
            +---------+---------+-------+---------+---------+-------
      Total |    2495 |    1322 |  34.6 |     126 |      26 |  17.1
            +---------+---------+-------+---------+---------+-------
        D:1 |      52 |       0 |   0.0 |      28 |       0 |   0.0
        D:2 |      84 |       0 |   0.0 |      17 |       0 |   0.0
        D:3 |      46 |       0 |   0.0 |      13 |       0 |   0.0
        D:4 |     477 |      45 |   8.6 |      18 |       8 |  30.8
        D:5 |     990 |     673 |  40.5 |      29 |       1 |   3.3
        D:6 |     846 |     220 |  20.6 |      21 |       1 |   4.5
      Sewer |       0 |     384 | 100.0 |       0 |      16 | 100.0
            +---------+---------+-------+---------+---------+-------
